 Dungeon Crawl Stone Soup version 0.25-a0-246-g58704a1 (webtiles) character file.

Game seed: 13256044934076929921, levelgen mode: deterministic

9656 silenth the Grappler (level 11, -2/78 HPs)
             Began as an Octopode Fighter on Dec 3, 2019.
             Was a Priest of Cheibriados.
             Slain by Snorg (6 damage)
             ... on level 10 of the Dungeon.
             The game lasted 00:18:32 (10266 turns).

silenth the Grappler (Octopode Fighter)            Turns: 10266, Time: 00:18:33

Health: -2/78      AC:  1    Str: 29    XL:     11   Next: 49%
Magic:  17/24      EV: 19    Int: 22    God:    Cheibriados [***...]
Gold:   507        SH: 14    Dex: 19    Spells: 9/16 levels left

rFire    + . .     SeeInvis .     - Unarmed
rCold    . . .     Gourm    .   a - +3 shield
rNeg     . . .     Faith    .   p - +0 hat
rPois    .         Spirit   .   (no amulet)
rElec    .         Reflect  .   v - +5 ring of strength
rCorr    .         Harm     .   w - ring of magical power
MR       .....                  y - ring of protection from fire
Stlth    ++++++....             d - +3 ring of evasion
HPRegen  0.23/turn              s - ring of stealth
MPRegen  0.19/turn              (no ring)
                                (no ring)
                                (no ring)

@: very slow
A: almost no armour, stealthy swim, amphibious, 8 rings, constrict 8, camouflage
1, gelatinous body 1
a: Bend Time, Temporal Distortion, Renounce Religion


You were on level 10 of the Dungeon.
You worshipped Cheibriados.
Cheibriados was most pleased with you.
You were hungry.

You visited 2 branches of the dungeon, and saw 11 of its levels.

You collected 507 gold pieces.

Inventory:

Hand Weapons
 z - a +1 vampiric rapier
Missiles
 f - 15 javelins
 q - 17 poisoned darts (quivered)
 A - 3 throwing nets
 C - 2 atropa-tipped darts
Armour
 a - a +3 shield (worn)
 p - a +0 hat (worn)
Jewellery
 d - a +3 ring of evasion (on tentacle)
 s - a ring of stealth (on tentacle)
 v - a +5 ring of strength (left tentacle)
 w - a ring of magical power (right tentacle)
 y - a ring of protection from fire (on tentacle)
Wands
 b - a wand of flame (27)
 l - a wand of disintegration (6)
 D - a wand of iceblast (3)
Scrolls
 k - 4 scrolls of teleportation
 m - 2 scrolls of fear
 r - a scroll of remove curse
 x - a scroll of magic mapping
 G - a scroll of amnesia
Potions
 c - 2 potions of brilliance {unknown}
 g - 3 potions of mutation
 h - a potion of flight {unknown}
 o - 3 potions of curing {unknown}
 t - a potion of magic
 u - a potion of degeneration {unknown}
 B - a potion of agility {unknown}
 H - 2 potions of lignification {unknown}
 I - a potion of resistance {unknown}
Comestibles
 e - 17 rations


   Skills:
 + Level 8.4 Fighting
 - Level 2.3 Throwing
 + Level 6.4 Dodging
 - Level 8.0 Stealth
 + Level 5.2 Shields
 * Level 10.3 Unarmed Combat
 - Level 3.0 Spellcasting
 - Level 4.0 Charms
 - Level 1.0 Necromancy
 - Level 1.0 Translocations
 + Level 4.4 Invocations
 - Level 2.6 Evocations


You had 9 spell levels left.
You knew the following spells:

 Your Spells              Type           Power        Failure   Level  Hunger
a - Shroud of Golubria    Chrm/Tloc      ##....       24%         2    ##.....
b - Song of Slaying       Chrm           ###.....     13%         2    ##.....
c - Regeneration          Chrm/Necr      ##........   43%         3    ###....

Your spell library contained the following spells:

 Spells                   Type           Power        Failure   Level  Hunger
 Infusion                 Chrm           ###.         9%          1    None
 Spectral Weapon          Hex/Chrm       ##......     50%         3    ###....


Dungeon Overview and Level Annotations

Branches:
Dungeon (10/15)            Temple (1/1) D:6            Lair (0/6) D:10
    Orc: D:9-12

Altars:
Ashenzari
Cheibriados
Dithmenos
Elyvilon
Fedhas
Gozag
Hepliaklqana
Kikubaaqudgha
Makhleb
Nemelex Xobeh
Okawaru
Qazlal
Ru
Sif Muna
Trog
Uskayaw
Vehumet
Wu Jian
Xom
Yredelemnul
Zin
The Shining One

Shops:
D:8 (   D:10 %

Annotations:
D:5 1 runed translucent door, frimble's ghost, amateur MiGl
D:10 Joseph; Snorg


Innate Abilities, Weirdness & Mutations

You cannot wear most types of armour.
You are very stealthy in the water. (Stealth+)
You are amphibious.
You can wear up to eight rings at the same time.
You can use your tentacles to constrict eight enemies at once.
Your skin changes colour to match your surroundings (Stealth+).
Your rubbery body absorbs attacks. (AC +1, EV +1)


Message History

Snorg barely misses you. You block Snorg's attack. Snorg claws you.
Joseph, a Mercenary comes into view.
He is wielding a +0 quarterstaff.
You closely miss Snorg.
Snorg is severely wounded.
You block Snorg's attack. Snorg claws you!
* * * LOW HITPOINT WARNING * * *
Snorg claws you!
* * * LOW HITPOINT WARNING * * *
You block the killer bee's attack.
Joseph drinks a potion.
Joseph flickers and vanishes!
Deactivating autopickup; reactivate with Ctrl-A.
The flow of time bends around you.
Cheibriados rebukes Snorg.
Snorg seems to slow down.
Cheibriados rebukes the killer bee.
The killer bee seems to slow down.
You feel slightly more hungry. You block the killer bee's attack.
You block Snorg's attack. Snorg claws you.
* * * LOW HITPOINT WARNING * * *
Snorg claws you.
You die...

.
#.........
.
#.........
.
#.....?...
.
#.........
.
#.†........
.
#.........#
.
#.yT......#
.
#.@.......#
.
#.........#
.
#.........#
.
#.........#
#.........#
..
#.....##..#
... #.....#
. ....
#.....#
....
#.....#
.[..


You could see Snorg and a killer bee.

Vanquished Creatures
  A centaur warrior (D:9)
  2 two-headed ogres
  Nergalle (D:10)
  A skeletal warrior (D:9)
  A deep elf mage (D:9)
  2 trolls (D:9)
  A hornet (D:10)
  A wyvern (D:9)
  A yak (D:8)
  2 hungry ghosts
  Menkaure (D:5)
  An orc warrior (D:6)
  2 phantoms
  3 ice beasts
  3 sky beasts
  A black bear (D:10)
  10 ogres
  2 centaurs
  7 bullfrogs
  A water moccasin skeleton (D:9)
  2 scorpions
  18 killer bees
  5 wights (D:7)
  4 howler monkeys
  2 centaur zombies
  3 crimson imps
  2 bullfrog zombies
  A quasit (D:9)
  2 jellies (D:10)
  A bullfrog skeleton (D:7)
  5 orc priests
  7 hounds
  6 orc wizards
  An iguana (D:9)
  4 worker ants
  6 gnolls
  7 adders
  2 shadow imps
  An ooze (D:5)
  A worm (D:3)
  2 dart slugs (D:1)
  5 leopard geckos
  35 orcs
  3 ball pythons
  10 bats
  7 giant cockroaches
  5 goblins
  6 hobgoblins
  2 jackals (D:3)
  9 kobolds
  4 quokkas
  4 frilled lizards
  A jackal zombie (D:8)
  2 quokka skeletons
  10 rats
229 creatures vanquished.

Notes
Turn   | Place    | Note
-------+----------+-------------------------------------------
     0 | D:1      | silenth the Octopode Fighter began the quest for the Orb.
     0 | D:1      | Reached XP level 1. HP: 16/16 MP: 1/1
   355 | D:1      | Reached skill level 1 in Stealth
   355 | D:1      | Reached XP level 2. HP: 21/21 MP: 2/2
   685 | D:1      | Reached XP level 3. HP: 26/26 MP: 3/3
  1019 | D:2      | Reached skill level 3 in Unarmed Combat
  1109 | D:2      | Reached skill level 2 in Stealth
  2091 | D:3      | Reached XP level 4. HP: 31/31 MP: 4/4
  2575 | D:3      | Reached skill level 3 in Stealth
  2575 | D:3      | Reached skill level 4 in Unarmed Combat
  2575 | D:3      | Reached XP level 5. HP: 34/37 MP: 5/5
  2658 | D:3      | Reached skill level 4 in Fighting
  3149 | D:4      | Reached XP level 6. HP: 34/43 MP: 6/6
  3398 | D:4      | Reached skill level 4 in Stealth
  3668 | D:4      | Reached skill level 5 in Unarmed Combat
  3961 | D:4      | Reached XP level 7. HP: 49/49 MP: 7/7
  4073 | D:5      | Entered Level 5 of the Dungeon
  4223 | D:5      | Reached skill level 5 in Fighting
  4223 | D:5      | Reached skill level 6 in Unarmed Combat
  4667 | D:5      | Found a runed translucent door.
  4670 | D:5      | Noticed frimble's ghost (amateur MiGl)
  4727 | D:5      | Noticed a two-headed ogre
  4742 | D:5      | Killed a two-headed ogre
  4742 | D:5      | Reached skill level 6 in Fighting
  4742 | D:5      | Reached skill level 2 in Throwing
  4742 | D:5      | Reached skill level 7 in Unarmed Combat
  4742 | D:5      | Reached skill level 2 in Evocations
  4742 | D:5      | Reached XP level 8. HP: 24/57 MP: 9/9
  4908 | D:5      | Noticed Menkaure
  4918 | D:5      | Killed Menkaure
  4918 | D:5      | Reached skill level 8 in Unarmed Combat
  5511 | D:6      | Reached XP level 9. HP: 43/63 MP: 10/10
  5694 | D:6      | Found a glowing golden altar of the Shining One.
  5730 | D:6      | Learned a level 2 spell: Shroud of Golubria
  5733 | D:6      | Learned a level 2 spell: Song of Slaying
  5737 | D:6      | Learned a level 3 spell: Regeneration
  6108 | D:6      | Found a staircase to the Ecumenical Temple.
  6117 | Temple   | Entered the Ecumenical Temple
  6296 | Temple   | Became a worshipper of Cheibriados the Contemplative
  6446 | D:6      | Reached skill level 1 in Charms
  6461 | D:6      | Reached skill level 1 in Spellcasting
  6813 | D:7      | Reached skill level 4 in Dodging
  6821 | D:7      | Reached skill level 4 in Shields
  6841 | D:7      | Reached skill level 9 in Unarmed Combat
  6971 | D:7      | Reached * piety under Cheibriados
  7125 | D:7      | Gained mutation: You are clumsy. (Dex -2) [potion of
                  | mutation]
  7125 | D:7      | Lost mutation: You are clumsy. (Dex -2) [potion of
                  | mutation]
  7132 | D:7      | Reached skill level 2 in Charms
  7382 | D:7      | Reached skill level 7 in Fighting
  7382 | D:7      | Reached skill level 1 in Translocations
  7673 | D:7      | Reached skill level 1 in Necromancy
  7673 | D:7      | Reached skill level 1 in Invocations
  7690 | D:8      | Noticed a two-headed ogre
  7694 | D:8      | Killed a two-headed ogre
  7694 | D:8      | Reached skill level 5 in Stealth
  7694 | D:8      | Reached skill level 2 in Spellcasting
  7694 | D:8      | Reached XP level 10. HP: 71/71 MP: 13/13
  7702 | D:8      | Reached skill level 2 in Invocations
  7777 | D:8      | Found Feazxuru's Weapon Emporium.
  7840 | D:8      | Reached skill level 3 in Charms
  7870 | D:8      | Found a white marble altar of Elyvilon.
  7872 | D:8      | Found a shattered altar of Ashenzari.
  7971 | D:8      | Reached ** piety under Cheibriados
  8565 | D:9      | Reached skill level 5 in Dodging
  8669 | D:9      | Reached skill level 3 in Spellcasting
  8673 | D:9      | Reached skill level 5 in Shields
  8683 | D:9      | Noticed a centaur warrior
  8687 | D:9      | Noticed a deep elf mage
  8692 | D:9      | Killed a centaur warrior
  8692 | D:9      | Reached skill level 6 in Stealth
  8692 | D:9      | Reached skill level 3 in Invocations
  8698 | D:9      | Killed a deep elf mage
  8698 | D:9      | Reached skill level 4 in Charms
  9081 | D:9      | Reached XP level 11. HP: 67/77 MP: 15/15
  9082 | D:9      | Reached *** piety under Cheibriados
  9356 | D:9      | Reached skill level 8 in Fighting
  9356 | D:9      | Reached skill level 7 in Stealth
  9356 | D:9      | Reached skill level 4 in Invocations
  9436 | D:9      | Noticed a skeletal warrior
  9450 | D:9      | Killed a skeletal warrior
  9450 | D:9      | Reached skill level 6 in Dodging
  9450 | D:9      | Reached skill level 10 in Unarmed Combat
  9946 | D:10     | Entered Level 10 of the Dungeon
 10050 | D:10     | Found a sparkling altar of Nemelex Xobeh.
 10101 | D:10     | Found a staircase to the Lair.
 10101 | D:10     | Noticed Nergalle
 10103 | D:10     | Killed Nergalle
 10103 | D:10     | Reached **** piety under Cheibriados
 10131 | D:10     | Found Bulampil's Food Shoppe.
 10135 | D:10     | Reached skill level 8 in Stealth
 10254 | D:10     | Noticed Snorg
 10258 | D:10     | Paralysed by a hornet for 2 turns
 10264 | D:10     | Noticed Joseph
 10266 | D:10     | HP: 4/78 [Snorg (6)]
 10266 | D:10     | Slain by Snorg

Levels and vault maps discovered:
D:1:      evilmike_arrival_home_sweet_home, layout_basic
D:2:      layout_loops_corners, first_ration
D:3:      layout_rooms
D:4:      layout_basic
D:5:      layout_gridville, portal_sewer_entry_e, serial_co_window_serial,
          co_window_paths_a, co_window_of_opportunity_a, co_window_paths_a,
          co_window_corner_a, co_window_paths_b, co_window_of_opportunity_b,
          co_window_corner_b, co_window_cross_3, co_window_of_opportunity_c,
          co_window_unsneaky_path_d, co_window_paths_e, glass_columns_b,
          glass_columns_a, glass_columns_a, glass_columns_b, glass_columns_c,
          ebering_ghost_sewer_d, uniq_menkaure
D:6:      layout_loops_corners, lemuel_temple_firewalk_b, grunt_ministairs_6,
          minmay_misc_feat_tower, tso_metal_star
D:7:      layout_rooms
D:8:      minmay_chambers_of_sixes, layout_cave_pools,
          chequers_temple_overflow_statue_of_worship, serial_shops,
          nicolae_shop_statue_plus
D:9:      minmay_quarter_circles, layout_small_grid, grunt_ogre_cave
D:10:     layout_long_grid, lair_entry_dummy, serial_shops, shop_statue,
          glass_columns_a, lemuel_tele_altar, uniq_snorg, uniq_joseph,
          uniq_nergalle
Temple:   regret_index_temple_chain_breaker

Skill      XL: |  1  2  3  4  5  6  7  8  9 10 11 |
---------------+----------------------------------+-----
Stealth        | 1 2 3 4 5 6 8 |  8.0
Unarmed Combat | 3 4 5 7 8 9 10 | 10.3
Fighting       | 4 6 7 8 |  8.4
Throwing       | 2 |  2.3
Evocations     | 2 |  2.6
Charms         | 2 4 |  4.0
Spellcasting   | 2 3 |  3.0
Dodging        | 4 5 6 |  6.4
Shields        | 4 5 |  5.2
Translocations | 1 |  1.0
Necromancy     | 1 |  1.0
Invocations    | 1 3 4 |  4.4

Action                   |  1- 3 |  4- 6 |  7- 9 | 10-12 || total
-------------------------+-------+-------+-------+-------++-------
Melee: Unarmed           |    99 |   100 |   170 |   192 ||   561
       Constrict         |    27 |    25 |    34 |    37 ||   123
       Tentacles         |    12 |    20 |    50 |    55 ||   137
       Punch             |     1 |     4 |    14 |    20 ||    39
Throw: Dart              |       |    12 |       |     2 ||    14
       Throwing net      |       |       |     8 |       ||     8
 Cast: Shroud of Golubri |       |       |       |     1 ||     1
Invok: Bend Time         |       |       |       |     1 ||     1
       Slouch            |       |       |       |     1 ||     1
Evoke: Wand              |       |       |     3 |     2 ||     5
  Use: Scroll            |       |     1 |    14 |     5 ||    20
       Potion            |       |       |     4 |     2 ||     6
 Stab: Sleeping          |    16 |     7 |     9 |    14 ||    46
       Held in net/web   |       |       |     2 |       ||     2
  Eat: Chunk             |     4 |     5 |     4 |     3 ||    16
       Ration            |       |       |     3 |       ||     3
Armor: Skin              |     4 |     7 |     2 |     4 ||    17
Dodge: Dodged            |    32 |    37 |    63 |   105 ||   237
Block: Shield            |    34 |    31 |    66 |   130 ||   261

Table legend:
 A = Non-vault XP
 B = Vault XP
 C = Vault XP percentage of total XP
 D = Non-vault monster count
 E = Vault monster count
 F = Vault count percentage of total count
                 A         B        C        D         E       F
            +---------+---------+-------+---------+---------+-------
      Total |    8569 |    5226 |  37.9 |     199 |      30 |  13.1
            +---------+---------+-------+---------+---------+-------
        D:1 |      45 |       0 |   0.0 |      24 |       0 |   0.0
        D:2 |      39 |       0 |   0.0 |      16 |       0 |   0.0
        D:3 |     213 |       0 |   0.0 |      38 |       0 |   0.0
        D:4 |     345 |       0 |   0.0 |      15 |       0 |   0.0
        D:5 |    1338 |     307 |  18.7 |      15 |       2 |  11.8
        D:6 |     953 |       3 |   0.3 |      27 |       1 |   3.6
        D:7 |    1230 |       0 |   0.0 |      20 |       0 |   0.0
        D:8 |    1770 |     426 |  19.4 |      17 |       6 |  26.1
        D:9 |    1489 |    3678 |  71.2 |      15 |      20 |  57.1
       D:10 |    1147 |     812 |  41.4 |      12 |       1 |   7.7
            +---------+---------+-------+---------+---------+-------
